 Dungeon Crawl Stone Soup version 0.28.0-53-g5a82cb258f (webtiles) character file.

Game seed: 5813197310891150404

366 Zeld the Skirmisher (level 6, -2/57 HPs)
             Began as a Minotaur Berserker on May 23, 2022.
             Was a Believer of Trog.
             Slain by a kobold brigand
             ... wielding a +0 dagger of freezing
              (3 damage)
             ... in a sewer.
             The game lasted 00:01:54 (2967 turns).

Zeld the Skirmisher (Minotaur Berserker)            Turns: 2967, Time: 00:01:55

Health: -2/57      AC:  2    Str: 24    XL:     6   Next: 40%
Magic:  5/5        EV: 12    Int:  4    God:    Trog [**....]
Gold:   80         SH:  0    Dex:  9    Spells: 5/5 levels left

rFire   . . .      SeeInvis .   a - +0 hand axe
rCold   . . .      Faith    .   (no shield)
rNeg    . . .      Spirit   .   b - +0 animal skin
rPois   .          Reflect  .   (helmet restricted)
rElec   .          Harm     .   (no cloak)
rCorr   .          Rampage  .   (no gloves)
Will    .....                   (no boots)
Stlth   +.........              (no amulet)
HPRegen 0.19/turn               (no ring)
MPRegen 0.09/turn               (no ring)

@: no status effects
A: horns 2, retaliatory headbutt
a: Renounce Religion, Berserk, Trog's Hand


You were in a sewer.
You worshipped Trog.
Trog was pleased with you.
You visited 1 branch of the dungeon, and saw 3 of its levels.
You also visited: Sewer.

You collected 80 gold pieces.

Inventory:

Hand Weapons
 a - a +0 hand axe (weapon)
 k - the +9 spear of the Enemy {vorpal, rPois rN+++ Stlth-}
   (You found it on level 2 of the Dungeon)

   It inflicts extra damage upon your enemies.
   rPois:     It protects you from poison.
   rN:        It renders you almost immune to negative energy.
   Stlth:     It makes you less stealthy.
Armour
 b - a +0 animal skin (worn)
Scrolls
 c - a scroll of vulnerability {unknown}
 e - a scroll of teleportation {unknown}
 g - a scroll of summoning {unknown}
 h - 2 scrolls of identify {unknown}
Potions
 d - a potion of curing {unknown}
 f - a potion of lignification {unknown}
 i - a potion of invisibility {unknown}
 j - a potion of might {unknown}
 l - a potion of cancellation {unknown}
 m - 2 potions of magic {unknown}
 n - 2 potions of heal wounds {unknown}
 o - a potion of resistance {unknown}


   Skills:
 * Level 5.9 Fighting
 * Level 5.8 Axes
 + Level 4.0 Armour
 + Level 3.5 Dodging


You had 5 spell levels left.
You didn't know any spells.
Your spell library was empty.

Dungeon Overview and Level Annotations

Branches:
Dungeon (3/15)              Sewer (1/1)

Altars:


Innate Abilities, Weirdness & Mutations

You have a pair of horns on your head.
You reflexively headbutt those who attack you in melee.


Message History

You closely miss the kobold brigand.
The kobold brigand hits you with a +0 dagger of freezing.
The kobold brigand freezes you.
You hit the kobold brigand.
The kobold brigand is heavily wounded.
The kobold brigand hits you with a +0 dagger of freezing!
The kobold brigand freezes you.
The kobold brigand hits you with a +0 dagger of freezing.
The kobold brigand freezes you.
Things that are here:
a +0 whip; 3 stones You are too injured to fight recklessly!
The kobold brigand hits you with a +0 dagger of freezing.
The kobold brigand freezes you.
You are too injured to fight recklessly!
The kobold brigand hits you with a +0 dagger of freezing.
* * * LOW HITPOINT WARNING * * *
The kobold brigand freezes you.
* * * LOW HITPOINT WARNING * * *
You are too injured to fight recklessly!
You are too injured to fight recklessly!
You hit the kobold brigand.
The kobold brigand is severely wounded.
The kobold brigand hits you with a +0 dagger of freezing.
* * * LOW HITPOINT WARNING * * *
The kobold brigand freezes you.
* * * LOW HITPOINT WARNING * * *
Unknown command.
You barely miss the kobold brigand.
The kobold brigand is severely wounded.
The kobold brigand hits you with a +0 dagger of freezing.
* * * LOW HITPOINT WARNING * * *
The kobold brigand freezes you.
* * * LOW HITPOINT WARNING * * *
Unknown command.
Unknown command.
You hit the kobold brigand but do no damage.
The kobold brigand is severely wounded.
The kobold brigand hits you with a +0 dagger of freezing.
You die...

######≈##########≈≈
#≈≈≈≈≈≈≈≈≈≈≈≈≈≈≈
#≈≈≈≈≈≈≈≈≈≈≈≈≈≈≈
#≈≈≈≈≈≈≈≈≈≈≈≈≈≈≈
##############≈####
#....#≈≈≈.≈≈≈≈≈P≈P.
#.∩..'≈≈....≈≈≈≈≈≈.
#..).'.≈≈...≈≈≈....
#.@K.#....P........
#######............
#.......P....
###..........
#####...... ###.###
###


You could see a kobold brigand.

Vanquished Creatures
  3 kobold brigands (Sewer)
  Natasha (thrice) (D:2)
  3 adders
  A worm (D:2)
  A dart slug (D:2)
  3 bats
  2 endoplasms
  3 giant cockroaches
  5 goblins
  4 hobgoblins
  15 kobolds
  2 quokkas
  5 ball pythons
  3 frilled lizards
  6 rats
59 creatures vanquished.

Vanquished Creatures (others)
  4 plants (Sewer)
4 creatures vanquished.

Grand Total: 63 creatures vanquished

Notes
Turn   | Place    | Note
-------+----------+-------------------------------------------
     0 | D:1      | Zeld the Minotaur Berserker began the quest for the Orb.
     0 | D:1      | Reached XP level 1. HP: 19/19 MP: 0/0
   264 | D:1      | Reached XP level 2. HP: 26/27 MP: 1/1
   850 | D:2      | Noticed Natasha
   855 | D:2      | Killed Natasha
   856 | D:2      | Reached XP level 3. HP: 19/34 MP: 2/2
   888 | D:2      | Noticed Natasha
   895 | D:2      | Killed Natasha
   896 | D:2      | Reached XP level 4. HP: 16/41 MP: 3/3
  1582 | D:2      | Noticed Natasha
  1594 | D:2      | Killed Natasha
  1739 | D:2      | Reached ** piety under Trog
  1976 | D:2      | Identified the +9 spear of the Enemy {vorpal, rPois rN+++
                  | Stlth-}
  2115 | D:2      | Reached skill level 5 in Fighting
  2189 | D:3      | Found a glowing drain.
  2194 | D:3      | Reached XP level 5. HP: 45/48 MP: 4/4
  2202 | Sewer    | Entered a sewer
  2224 | Sewer    | Reached skill level 5 in Axes
  2240 | Sewer    | Reached XP level 6. HP: 15/56 MP: 5/5
  2966 | Sewer    | HP: 1/57 [kobold brigand/+0 dagger of freezing (2)]
  2967 | Sewer    | Slain by a kobold brigand

Illustrated notes

Levels and vault maps discovered:
D:1:      dpeg_arrival_rooms_b, layout_basic
D:2:      layout_loops_ring, dk_noncrumbling_4, uniq_natasha
D:3:      layout_basic, portal_sewer_entry_d, uniq_sigmund
Sewer:    kennysheep_pipe_town

Skill      XL: |  1  2  3  4  5  6 |
---------------+-------------------+-----
Fighting       | 4 5 |  5.9
Axes           | 4 5 |  5.8
Armour         | 3 4 |  4.0
Dodging        | 3 |  3.5

Action                   |  1- 3 |  4- 6 || total
-------------------------+-------+-------++-------
Melee: Hand axe          |    46 |    88 ||   134
       Headbutt          |     7 |    13 ||    20
       Punch             |     1 |     1 ||     2
       Spear             |       |    16 ||    16
Armor: Animal skin       |     8 |    23 ||    31
Dodge: Dodged            |    33 |    70 ||   103
